 Dungeon Crawl Stone Soup version 0.20.1-1-g8b1a95d (console) character file.

18191 hilaritas the Protected (level 12, -3/97 HPs)
             Began as a Formicid Fighter on Aug 23, 2017.
             Was a High Priest of Okawaru.
             Killed from afar by a raiju (7 damage)
             ... with a living lightning
             ... on level 2 of the Abyss on Aug 24, 2017.
             The game lasted 00:30:13 (12635 turns).

hilaritas the Protected (Formicid Fighter)         Turns: 12635, Time: 00:30:14

Health: -3/97      AC: 22    Str: 25    XL:     12   Next: 92%
Magic:  12/17      EV: 12    Int:  9    God:    Okawaru [*****.]
Gold:   414        SH: 16    Dex: 10    Spells: 11/11 levels left

rFire    . . .     SeeInvis +   a - +1 war axe
rCold    . . .     Gourm    .   j - +2 shield
rNeg     + . .     Faith    .   T - +3 chain mail
rPois    +         Spirit   .   (helmet unavailable)
rElec    .         Reflect  .   (no cloak)
rCorr    .         Harm     .   F - +2 pair of gloves
MR       +....                  g - +0 pair of boots
Stlth    ..........             (no amulet)
Regen    0.0/turn               S - ring of positive energy
MPRegen  0.2/turn               s - ring of poison resistance

@: heroism
A: permanent stasis, dig shafts and tunnels, four strong arms, antennae 3,
inhibited regeneration
a: Dig, Shaft Self, Heroism, Finesse, Renounce Religion


You were on level 2 of the Abyss.
You worshipped Okawaru.
Okawaru was extremely pleased with you.
You were not hungry.

You visited 2 branches of the dungeon, and saw 12 of its levels.
You visited the Abyss 1 time.
You also visited: Sewer and Ossuary.

You collected 753 gold pieces.
You spent 339 gold pieces at shops.

Inventory:

Hand Weapons
 a - a +1 war axe (weapon)
 i - a +2 whip of freezing
 L - a +0 whip of electrocution
 M - a +0 war axe
Missiles
 q - 8 throwing nets
 t - 14 tomahawks (quivered)
 X - 4 tomahawks of returning
Armour
 g - a +0 pair of boots (worn)
 j - a +2 shield (worn)
 F - a +2 pair of gloves (worn)
 T - a +3 chain mail (worn)
Jewellery
 b - an uncursed ring of wizardry
 h - an uncursed ring of magical power
 s - a ring of poison resistance (right hand)
 z - an uncursed ring of stealth
 A - an uncursed ring of ice
 N - a +2 ring of intelligence
 S - a ring of positive energy (left hand)
 W - a cursed ring of loudness {unknown}
 Y - an uncursed amulet of the gourmand {unknown}
Wands
 f - a wand of iceblast (8/15)
 C - a wand of polymorph (7/24)
 E - a wand of confusion (25/48)
 P - a wand of iceblast (5/15)
 U - a wand of scattershot (6/9)
Scrolls
 l - a scroll of magic mapping
 u - 2 scrolls of recharging
 x - 3 scrolls of fear
 y - 3 scrolls of remove curse
 B - 7 scrolls of identify
 D - a scroll of enchant armour
 H - 4 scrolls of enchant weapon
 I - 2 scrolls of amnesia
 R - a scroll of fog
Potions
 c - 5 potions of brilliance
 e - a potion of lignification {unknown}
 k - 3 potions of curing
 m - 2 potions of heal wounds
 o - 3 potions of mutation {unknown}
 p - a potion of ambrosia {unknown}
 r - 2 potions of cancellation {unknown}
 v - a potion of agility {unknown}
 w - 2 potions of might
 J - a potion of berserk rage {unknown}
 K - a potion of magic {unknown}
 O - 2 potions of haste {unknown}
 Q - a potion of flight {unknown}
Books
 d - a book of Battle

   Spells                             Type                      Level
   a - Infusion                       Charms                       1
   b - Shroud of Golubria             Charms/Translocation         2
   c - Song of Slaying                Charms                       2
   d - Spectral Weapon                Hexes/Charms                 3
   e - Regeneration                   Charms/Necromancy            3
Comestibles
 n - 10 meat rations
 G - 3 bread rations
 V - 5 royal jellies
 Z - 4 fruits


   Skills:
 - Level 10.0(15.0) Fighting
 - Level 11.0(16.0) Axes
 - Level 11.4(16.4) Armour
 * Level 2.1(7.1) Dodging
 - Level 10.6(15.6) Shields
 * Level 7.6 Invocations
 * Level 2.5 Evocations


You had 11 spell levels left.
You didn't know any spells.

Dungeon Overview and Level Annotations

Branches:
Dungeon (11/15)            Temple (1/1) D:7            Lair (0/6) D:8
    Orc (0/2) D:9

Altars:
Ashenzari
Cheibriados
Dithmenos
Elyvilon
Fedhas
Hepliaklqana
Kikubaaqudgha
Makhleb
Nemelex Xobeh
Okawaru
Qazlal
Ru
Sif Muna
Trog
Uskayaw
Vehumet
Xom
The Shining One

Shops:
D:5 ?   D:7 [

Annotations:
D:11 Sonja


Innate Abilities, Weirdness & Mutations

You cannot be hasted, slowed, berserked, paralysed or teleported.
You can dig through walls and to a lower floor.
Your four strong arms can wield two-handed weapons with a shield.
You have a pair of large antennae on your head. (SInv)
You do not regenerate when monsters are visible.


Message History

The raiju moves out of view.
A raiju comes into view.
The raiju barks!
The raiju bursts into living lightning!
The living lightning hits you!
* * * LOW HITPOINT WARNING * * *
The raiju blinks!
You slash the raiju!
The raiju is moderately wounded.
You slash the raiju!
The raiju is severely wounded.
The raiju bites you but does no damage.
You slice the raiju!!
You kill the raiju!
Okawaru accepts your kill.
The raiju bursts into living lightning!
The living lightning hits you!
* * * LOW HITPOINT WARNING * * *
The living lightning hits you!
You die...

# .# ## # .##
## #.. ##.
..##.##.#
....##......#
#......#. .
#.....# #.
...#.#.†## #.
#....@.#
#..#....## #
#...#.#.#. .
##..#h#.#..#.
. # ..##..
... #..#.#.##
## # .#..#
..## .##. ...
# ..... ..#.
#


You could see a raiju.

Vanquished Creatures
  A tentacled starspawn (Abyss:2)
  Gastronok (D:8)
  A deep elf elementalist (Abyss:2)
  Harold (D:11)
  2 two-headed ogres
  3 thrashing horrors (Abyss:2)
  Pikel (D:6)
  The ghost of vineage the Slasher, a novice DsGl (D:7)
  An ugly thing (D:9)
  Psyche (D:8)
  A smoke demon (Abyss:2)
  A troll (D:10)
  A raiju (Abyss:2)
  Grinder (D:6)
  A ynoxinul (Abyss:2)
  Sigmund (D:6)
  3 hogs (D:11)
  Grum (D:8)
  A hungry ghost (D:11)
  A human (D:11)
  A neqoxec (Abyss:2)
  4 yaks
  2 large abominations (Abyss:2)
  A chaos spawn (Abyss:2)
  5 orc warriors
  2 porcupines (D:8)
  An ice beast (D:6)
  A sky beast (D:8)
  A hornet zombie (D:10)
  A black bear (D:8)
  2 eyes of draining
  3 phantoms
  3 slaves (D:6)
  2 wolves (D:8)
  The ghost of Tr0llz0r the Skirmisher, an amateur CeFi (D:3)
  4 ogres
  4 centaurs
  A big kobold (D:10)
  A wyvern zombie (Ossuary)
  2 elf zombies (D:8)
  3 bullfrogs
  Blork the orc (D:6)
  A gnoll sergeant (D:6)
  4 scorpions
  6 wights
  2 electric eels (D:8)
  3 crimson imps
  A quasit (D:8)
  3 centaur zombies
  6 bullfrog zombies
  4 human zombies (D:8)
  2 jellies (D:8)
  4 orc priests
  2 hounds
  2 bullfrog skeletons
  8 orc wizards
  Jessica (D:2)
  A human skeleton (D:8)
  6 iguanas
  7 worker ants
  A killer bee zombie (Ossuary)
  An ogre zombie (D:8)
  3 hound zombies (Ossuary)
  8 mummies
  3 worker ant zombies (Ossuary)
  A howler monkey zombie (Ossuary)
  3 gnolls (D:6)
  8 adders
  2 river rats (Sewer)
  2 shadow imps (D:10)
  A white imp (Abyss:2)
  An ufetubus (Abyss:2)
  An ooze (D:4)
  7 adder zombies (Ossuary)
  A worm (D:2)
  5 dart slugs
  6 leopard geckos
  29 orcs
  3 giant cockroaches
  7 hobgoblins
  6 jackals
  18 kobolds
  8 quokkas
  4 ball pythons
  6 bats
  9 frilled lizards
  A giant cockroach zombie (Ossuary)
  7 goblins
  2 jackal skeletons
  2 leopard gecko zombies (Ossuary)
  An orc zombie (D:8)
  10 rats
  A fungus (D:8)
  2 starspawn tentacles (Abyss:2)
304 creatures vanquished.

Vanquished Creatures (others)
  A worker ant (D:6)
  An adder (D:6)
  A leopard gecko (D:6)
  2 fungi (D:8)
  4 starspawn tentacles (Abyss:2)
9 creatures vanquished.

Grand Total: 313 creatures vanquished

Notes
Turn   | Place    | Note
-------+----------+-------------------------------------------
     0 | D:1      | hilaritas the Formicid Fighter began the quest for the Orb.
     0 | D:1      | Reached XP level 1. HP: 18/18 MP: 1/1
    32 | D:1      | Reached XP level 2. HP: 10/24 MP: 2/2
   426 | D:1      | Reached XP level 3. HP: 27/29 MP: 3/3
   850 | D:2      | Found a sparkling altar of Nemelex Xobeh.
   929 | D:2      | Noticed Jessica
   937 | D:2      | Killed Jessica
   937 | D:2      | Reached XP level 4. HP: 35/35 MP: 4/4
  1347 | D:2      | Reached skill level 5 in Shields
  1644 | D:2      | Reached XP level 5. HP: 41/41 MP: 5/5
  2125 | D:3      | Noticed Tr0llz0r's ghost (amateur CeFi)
  2148 | D:3      | Killed Tr0llz0r's ghost
  2148 | D:3      | Reached skill level 5 in Axes
  2148 | D:3      | Reached XP level 6. HP: 13/47 MP: 6/6
  3012 | D:4      | Found a sand-covered staircase.
  3017 | Ossuary  | Entered an ossuary
  3099 | Ossuary  | Reached XP level 7. HP: 21/52 MP: 7/7
  3664 | Ossuary  | Reached XP level 8. HP: 53/58 MP: 8/8
  4357 | D:5      | Entered Level 5 of the Dungeon
  4589 | D:5      | Found Lesixait's Magic Scroll Shoppe.
  4590 | D:5      | Found a glowing drain.
  4605 | Sewer    | Entered a sewer
  4993 | D:5      | Bought a scroll of magic mapping for 42 gold pieces
  4993 | D:5      | Bought a scroll of enchant weapon for 90 gold pieces
  4993 | D:5      | Bought a scroll of noise for 12 gold pieces
  5010 | D:5      | Reached XP level 9. HP: 51/64 MP: 9/9
  5235 | D:6      | Noticed Pikel
  5319 | D:6      | Killed Pikel
  5319 | D:6      | Reached skill level 10 in Axes
  5802 | D:6      | Noticed Blork the orc
  5809 | D:6      | Killed Blork the orc
  6051 | D:6      | Noticed Grinder
  6061 | D:6      | Killed Grinder
  6291 | D:6      | Found a sacrificial altar of Ru.
  6326 | D:6      | Noticed Sigmund
  6350 | D:6      | Killed Sigmund
  6350 | D:6      | Reached XP level 10. HP: 51/73 MP: 10/10
  6609 | D:7      | Noticed vineage's ghost (novice DsGl)
  6632 | D:7      | Killed vineage's ghost
  6632 | D:7      | Reached skill level 5 in Fighting
  6739 | D:7      | Found Wete's Antique Armour Emporium.
  6841 | D:7      | Found a staircase to the Ecumenical Temple.
  6850 | Temple   | Entered the Ecumenical Temple
  6875 | Temple   | Became a worshipper of Warmaster Okawaru
  7312 | D:7      | Found a snail-covered altar of Cheibriados.
  7685 | D:7      | Bought a pair of runed gloves for 195 gold pieces
  7717 | D:8      | Noticed Gastronok
  7718 | D:8      | Noticed Psyche
  7725 | D:8      | Killed Psyche
  7734 | D:8      | Killed Gastronok
  7734 | D:8      | Reached * piety under Okawaru
  7734 | D:8      | Reached ** piety under Okawaru
  7734 | D:8      | Reached skill level 5 in Armour
  7734 | D:8      | Reached skill level 10 in Shields
  7977 | D:8      | Reached XP level 11. HP: 84/84 MP: 11/11
  8039 | D:8      | Reached skill level 1 in Invocations
  8080 | D:8      | Noticed Grum
  8104 | D:8      | Reached *** piety under Okawaru
  8115 | D:8      | Killed Grum
  8673 | D:8      | Found an ancient bone altar of Kikubaaqudgha.
  9072 | D:8      | Found a staircase to the Lair.
  9238 | D:8      | Noticed a two-headed ogre
  9253 | D:8      | Killed a two-headed ogre
  9978 | D:8      | D8 doors bhd deep water
 10001 | D:9      | Noticed a white ugly thing
 10015 | D:9      | Killed a white ugly thing
 10015 | D:9      | Reached **** piety under Okawaru
 10338 | D:9      | Found a shadowy altar of Dithmenos.
 10339 | D:9      | Found a shattered altar of Ashenzari.
 10339 | D:9      | Found a deep blue altar of Sif Muna.
 10340 | D:9      | Found a stormy altar of Qazlal.
 10341 | D:9      | Found a hide-covered altar of Uskayaw.
 10343 | D:9      | Found a burning altar of Makhleb.
 10344 | D:9      | Found a glowing golden altar of the Shining One.
 10481 | D:9      | Found a staircase to the Orcish Mines.
 10813 | D:10     | Entered Level 10 of the Dungeon
 10899 | D:10     | Reached skill level 10 in Fighting
 11699 | D:11     | Noticed Harold
 11723 | D:11     | Reached ***** piety under Okawaru
 11733 | D:11     | Killed Harold
 11733 | D:11     | Reached skill level 5 in Invocations
 11733 | D:11     | Reached XP level 12. HP: 53/97 MP: 15/15
 12020 | D:11     | Noticed a two-headed ogre
 12028 | D:11     | Killed a two-headed ogre
 12205 | D:11     | Received a gift from Okawaru
 12324 | D:11     | Noticed Sonja
 12328 | D:11     | Cast into level 2 of the Abyss (Sonja)
 12461 | Abyss:2  | Noticed a thrashing horror
 12474 | Abyss:2  | Gained mutation: You do not regenerate when monsters are visible. [a neqoxec]
 12476 | Abyss:2  | Killed a thrashing horror
 12476 | Abyss:2  | Received a gift from Okawaru
 12476 | Abyss:2  | Reached skill level 10 in Armour
 12516 | Abyss:2  | Noticed a deep elf elementalist
 12526 | Abyss:2  | Killed a deep elf elementalist
 12586 | Abyss:2  | Noticed a thrashing horror
 12598 | Abyss:2  | Noticed a thrashing horror
 12598 | Abyss:2  | Noticed a tentacled starspawn
 12620 | Abyss:2  | Killed a thrashing horror
 12620 | Abyss:2  | Killed a thrashing horror
 12626 | Abyss:2  | Killed a tentacled starspawn
 12635 | Abyss:2  | HP: 4/97 [raiju/living lightning (7)]
 12635 | Abyss:2  | Killed from afar by a raiju

Skill      XL: |  1  2  3  4  5  6  7  8  9 10 11 12 |
---------------+-------------------------------------+-----
Shields        | 4 5 6 8 10 | 10.6
Axes           | 3 5 7 9 11 | 11.0
Fighting       | 4 7 10 | 10.0
Armour         | 4 5 8 11 | 11.4
Invocations    | 5 7 |  7.6
Dodging        | 2 |  2.1
Evocations     | 2 |  2.5

Action                   |  1- 3 |  4- 6 |  7- 9 | 10-12 || total
-------------------------+-------+-------+-------+-------++-------
Melee: War axe           |    73 |   156 |   377 |   696 ||  1302
Throw: Throwing net      |       |       |     1 |       ||     1
       Tomahawk          |       |       |       |     8 ||     8
Invok: Heroism           |       |       |       |    10 ||    10
  Use: Potion            |       |     3 |       |    10 ||    13
       Scroll            |       |     8 |     5 |     3 ||    16
  Eat: Chunk             |       |     7 |     7 |    18 ||    32
       Bread ration      |       |       |     1 |     1 ||     2
       Royal jelly       |       |       |       |     1 ||     1
Armor: Scale mail        |    32 |    38 |    24 |       ||    94
       Chain mail        |       |       |    31 |   181 ||   212
       Plate armour      |       |       |    60 |    16 ||    76
Dodge: Dodged            |    18 |    56 |    86 |   152 ||   312
Block: Shield            |    38 |    84 |   189 |   436 ||   747
